 Dungeon Crawl Stone Soup version 0.31.0-4-g52a2dc7128 (webtiles) character file.

Game seed: 632660680229662226

3216 groovy9 the Thaumaturge (level 10, 0/75 HPs)
             Began as a Djinni Fire Elementalist on Jan 21, 2024.
             Was an Initiate of Makhleb.
             Slain by a yak (10 damage)
             ... on level 7 of the Dungeon.
             The game lasted 00:39:23 (7958 turns).

groovy9 the Thaumaturge (Djinni Fire Elementalist)  Turns: 7958, Time: 00:39:24

Health: 0/75       AC:  7    Str:  7    XL:     10   Next: 17%
Gold:   314        EV: 11    Int: 21    God:    Makhleb [......] SH:  5 Dex: 14

rFire   + + .        c - +0 short sword (holy)
rCold   + . .        (no shield)
rNeg    . . .        a - +3 leather armour {rC+}
rPois   ∞            r - +0 helmet
rElec   .            (no cloak)
rCorr   .            (no gloves)
SInv    .            (boots unavailable)
Will    +....        n - amulet of reflection
Stlth   ++           t - ring of protection from cold
HPRegen 0.32/turn    (no ring)
MPRegen 0.00/turn

%: reflection, infuse magic (-1 HP)
@: flying
A: sickness immunity, fire resistance 2, cold vulnerability 1, float, innate
caster, HP casting, extra vitality 1
a: Renounce Religion


You were on level 7 of the Dungeon.
You worshipped Makhleb.
Makhleb was noncommittal.
You visited 2 branches of the dungeon, and saw 9 of its levels.

You collected 314 gold pieces.

Inventory:

Hand Weapons
 c - a +0 short sword of holy wrath (weapon)
Missiles
 g - 2 throwing nets
Armour
 a - a +3 leather armour of cold resistance (worn)
 r - a +0 helmet (worn)
Jewellery
 n - an amulet of reflection (around neck)
 t - a ring of protection from cold (left hand)
Wands
 p - a wand of mindburst (38)
 q - a wand of flame (12)
 s - a wand of charming (8)
 v - a wand of quicksilver (16)
Scrolls
 b - a scroll of identify
 e - a scroll of poison
 k - a scroll of fog
 l - a scroll of fear
 m - 3 scrolls of vulnerability
 w - a scroll of silence {unknown}
Potions
 d - a potion of might
 h - 2 potions of curing
 i - a potion of lignification {unknown}
 o - a potion of mutation
 u - 2 potions of enlightenment {unknown}


   Skills:
 + Level 7.3 Fighting
 - Level 2.1 Dodging
 - Level 1.5 Stealth
 * Level 9.3 Spellcasting
 * Level 9.3 Conjurations
 * Level 9.3 Hexes
   Level 0.0 Charms
 * Level 9.3 Summonings
 * Level 9.3 Necromancy
 * Level 9.3 Translocations
   Level 0.0 Transmutations
 * Level 9.3 Fire Magic
 * Level 9.3 Ice Magic
 * Level 9.3 Air Magic
 * Level 9.3 Earth Magic
 * Level 9.3 Alchemy
 + Level 2.1 Invocations


You knew the following spells:

 Your Spells              Type           Power      Damage    Failure   Level
a - Foxfire               Conj/Fire      100%       2x1d9     1%          1
b - Scorch                Fire           98%        2d9       1%          2
c - Volatile Blastmotes   Fire/Tloc      98%        2d18      1%          3
d - Inner Flame           Hex/Fire       49%        N/A       1%          3
e - Flame Wave            Conj/Fire      49%        2d12      2%          4
f - Magic Dart            Conj           100%       1d8       1%          1
g - Static Discharge      Conj/Air       98%        3-8/arc   1%          2
h - Call Imp              Summ           98%        N/A       1%          2
i - Leda's Liquefaction   Alch/Erth      24%        N/A       2%          4
Your spell library was empty.

Dungeon Overview and Level Annotations

Branches:
Dungeon (8/15)             Temple (1/1) D:7
   Lair: D:8-11

Altars:
Ashenzari
Cheibriados
Dithmenos
Elyvilon
Hepliaklqana
Makhleb
Nemelex Xobeh
Okawaru
Qazlal
Ru
Trog
Uskayaw
Xom
Yredelemnul
Zin
The Shining One

Shops:
D:3 :   D:5 :

Annotations:
D:4 1 runed translucent door


Innate Abilities, Weirdness & Mutations

You are immune to sickness and miasma.
You are immune to poison.
Your flesh is very heat resistant. (rF++)
You are vulnerable to cold. (rC-)
You float through the air rather than walking.
You learn spells naturally, not from books.
Your magical power is your life essence.
You have superior vitality. (+4 MHP)


Message History

The yak is lightly wounded. (Press . to intensify the flame waves.)
The yak misses you. The yak barely misses you.
A wave of flame ripples out!
The flame wave engulfs the yak but does no damage.
The yak is lightly wounded.
The flame wave engulfs the yak.
The yak is moderately wounded.
The flame wave engulfs the yak!
The yak is moderately wounded.
The flame wave engulfs the hornet!
The hornet is heavily wounded.
The yak gores you! x2
A wave of flame ripples out!
The flame wave engulfs the yak!
The yak is moderately wounded.
The flame wave engulfs the yak!
The yak is heavily wounded.
The flame wave engulfs the yak!
The yak is heavily wounded.
The flame wave engulfs the hornet!
The hornet is severely wounded.
* * * LOW HITPOINT WARNING * * *
You finish channelling waves of flame.
The yak gores you.
* * * LOW HITPOINT WARNING * * *
You block the yak's attack. The yak closely misses you.
The yak gores you but does no damage.
Casting: Flame Wave (dangerous; 2% risk of failure)
Confirm with . or Enter, or press ? or * to list all spells.
Casting: Flame Wave (dangerous; 2% risk of failure)
Press: ? - help, Dir - look around, f - activate A wave of flame ripples out!
The flame wave engulfs the yak.
The yak is moderately wounded.
The flame wave engulfs the yak!!
The yak is almost dead. (Press . to intensify the flame waves.)
* * * LOW HITPOINT WARNING * * *
The yak gores you.
* * * LOW HITPOINT WARNING * * *
The yak gores you!
You die...

#..# #.....'.....≈# #≈.. #..#
##)###.'.....≈# #≈.. #..# #..#
###≈....≈## ##≈.. #.## #####.##
#≈....≈.####.≈.. #.# ##..##.#
#≈≈....≈≈≈≈≈≈... ##.###.#.##.#
##≈≈............ ...##.##.##.#
##≈≈..........≈
##.#.##.....#########≈≈........≈≈
#.##.#.......YY@Yy.##≈≈......≈≈#
#.################..##≈≈≈≈≈≈≈≈##
#.# #........########## #.#
#.####...# #.# #.######### #.#
##..# #.# #.........# #.# #..#
#.# #########.###.# #..# #.#
#............#####..###.# ####
#.######.#.............:# ##...


You could see 3 yaks and a hornet.

Vanquished Creatures
  Prince Ribbit (D:5)
  Sigmund (D:4)
  3 yaks
  2 steam dragons (D:5)
  A sky beast (D:7)
  2 black bears
  A centaur (D:7)
  4 ogres
  A phantom (D:5)
  A kobold brigand (D:7)
  3 bullfrogs
  A scorpion (D:5)
  A gnoll sergeant (D:7)
  3 electric eels (D:7)
  3 vampire bats (D:5)
  2 bombardier beetles
  4 jellies
  2 orc priests
  4 hounds
  5 iguanas
  3 orc wizards (D:6)
  4 gnolls (D:7)
  4 adders
  2 white imps
  8 ufetubi
  A dart slug (D:1)
  3 ribbon worms (D:2)
  16 orcs
  5 ball pythons
  4 bat skeletons (D:5)
  2 bat zombies (D:5)
  4 endoplasms
  3 giant cockroaches
  8 hobgoblins
  3 jackals (D:4)
  14 kobolds
  A quokka (D:3)
  7 bats
  6 frilled lizards
  8 goblins
  A kobold skeleton (D:4)
  4 rats
156 creatures vanquished.

Vanquished Creatures (collateral kills)
  An ogre (D:5)
  2 orcs (D:5)
3 creatures vanquished.

Vanquished Creatures (others)
  55 foxfires
55 creatures vanquished.

Grand Total: 214 creatures vanquished

Notes
Turn   | Place    | Note
-------+----------+-------------------------------------------
     0 | D:1      | groovy9 the Djinni Fire Elementalist began the quest for
                  | the Orb.
     0 | D:1      | groovy9 set off with the following spells memorised:
                  | Foxfire, Scorch, Volatile Blastmotes, Inner Flame, Flame
                  | Wave.
     0 | D:1      | Reached XP level 1. HP: 15/15 MP: 0/0
    80 | D:1      | Reached XP level 2. HP: 20/21 MP: 0/0
   360 | D:1      | Reached XP level 3. HP: 25/25 MP: 0/0
   360 | D:1      | Learned a level 1 spell: Magic Dart
   960 | D:2      | Found a faded altar of an unknown god.
  1289 | D:3      | Found a burning altar of Makhleb.
  1289 | D:3      | Found a faded altar of an unknown god.
  1298 | D:3      | Found a hide-covered altar of Uskayaw.
  1303 | D:3      | Found a faded altar of an unknown god.
  1305 | D:3      | Found a shadowy altar of Dithmenos.
  1357 | D:3      | Found Onufugar's Book Shoppe.
  1434 | D:3      | Found a snail-covered altar of Cheibriados.
  1439 | D:3      | Reached skill level 1 in Fighting
  1448 | D:3      | Reached XP level 4. HP: 31/32 MP: 0/0
  2222 | D:4      | Noticed a human
  2236 | D:4      | Found a runed translucent door.
  2238 | D:4      | Found a basalt altar of Yredelemnul.
  2243 | D:4      | Noticed Sigmund
  2262 | D:4      | Reached XP level 5. HP: 22/37 MP: 0/0
  2262 | D:4      | Learned a level 2 spell: Static Discharge
  2405 | D:4      | Noticed an ogre
  2413 | D:4      | Killed an ogre
  2421 | D:4      | Reached XP level 6. HP: 27/45 MP: 0/0
  2615 | D:4      | Killed Sigmund
  2616 | D:4      | Reached skill level 5 in Spellcasting
  2616 | D:4      | Reached skill level 5 in Conjurations
  2616 | D:4      | Reached skill level 5 in Hexes
  2616 | D:4      | Reached skill level 5 in Summonings
  2616 | D:4      | Reached skill level 5 in Necromancy
  2616 | D:4      | Reached skill level 5 in Translocations
  2616 | D:4      | Reached skill level 5 in Fire Magic
  2616 | D:4      | Reached skill level 5 in Ice Magic
  2616 | D:4      | Reached skill level 5 in Air Magic
  2616 | D:4      | Reached skill level 5 in Earth Magic
  2616 | D:4      | Reached skill level 5 in Alchemy
  2616 | D:4      | Reached XP level 7. HP: 42/50 MP: 0/0
  2616 | D:4      | Learned a level 2 spell: Call Imp
  2985 | D:5      | Entered Level 5 of the Dungeon
  3465 | D:5      | Reached XP level 8. HP: 53/58 MP: 0/0
  3696 | D:5      | Found Ekovov's Tiny Tomes.
  3751 | D:5      | Noticed Prince Ribbit
  3756 | D:5      | Killed Prince Ribbit
  3807 | D:5      | Reached skill level 5 in Fighting
  4212 | D:5      | Reached XP level 9. HP: 52/65 MP: 0/0
  4212 | D:5      | Learned a level 4 spell: Leda's Liquefaction
  6833 | D:7      | Found a staircase to the Ecumenical Temple.
  6840 | Temple   | Entered the Ecumenical Temple
  6978 | D:3      | Became a worshipper of Makhleb the Destroyer
  7707 | D:8      | Reached skill level 1 in Invocations
  7707 | D:8      | Reached XP level 10. HP: 69/75 MP: 0/0
  7727 | D:7      | HP: 2/75 [yak (11)]
  7958 | D:7      | Slain by a yak

Illustrated notes

Levels and vault maps discovered:
D:1:      ncdulo_watergridlock, layout_rooms
D:2:      layout_basic, dreamdust_ecumenical_altar_hidden_monk_grotto
D:3:      layout_basic, old_standard_altar, chequers_temple_overflow_minitemple,
          serial_shops, shop
D:4:      layout_basic, dk_yredelemnul_ordeal, uniq_sigmund
D:5:      kennysheep_steamy, layout_loops_corners, kennysheep_vampire_church,
          nicolae_shop_i_like_small_books_too, kennysheep_generic_room_11,
          uniq_prince_ribbit1
D:6:      lemuel_ice_spiral_2, layout_basic
D:7:      layout_loops_ring, minmay_temple_entry_junction, amethyst_killhole,
          kennysheep_big_empty_room, roderic_roman_lattice
D:8:      lemuel_ratsnest, layout_basic, nicolae_wu_jian_glorious_leap,
          tgw_fedhas, nicolae_shop_vocational, uniq_pikel, uniq_psyche
Temple:   oiseaux_autumnal_temple

Skill      XL: |  1  2  3  4  5  6  7  8  9 10 |
---------------+-------------------------------+-----
Spellcasting   | 4 5 6 7 9 |  9.3
Conjurations   | 4 5 6 7 9 |  9.3
Hexes          | 4 5 6 7 9 |  9.3
Summonings     | 4 5 6 7 9 |  9.3
Necromancy     | 4 5 6 7 9 |  9.3
Translocations | 4 5 6 7 9 |  9.3
Fire Magic     | 4 5 6 7 9 |  9.3
Ice Magic      | 4 5 6 7 9 |  9.3
Air Magic      | 4 5 6 7 9 |  9.3
Earth Magic    | 4 5 6 7 9 |  9.3
Alchemy        | 4 5 6 7 9 |  9.3
Fighting       | 1 2 3 4 5 7 |  7.3
Invocations    | 1 2 |  2.1
Dodging        | |  2.1
Stealth        | |  1.5

Action                     |  1- 3 |  4- 6 |  7- 9 | 10-12 || total
---------------------------+-------+-------+-------+-------++-------
  Melee: Short sword       |    14 |       |     1 |       ||    15
   Cast: Foxfire           |    15 |     7 |    10 |       ||    32
         Scorch            |    16 |    10 |   100 |       ||   126
         Magic Dart        |    24 |    34 |    64 |     9 ||   131
         Volatile Blastmot |       |     4 |     8 |       ||    12
         Call Imp          |       |       |    14 |       ||    14
         Flame Wave        |       |       |     8 |     4 ||    12
         Inner Flame       |       |       |     6 |     3 ||     9
    Use: Scroll            |       |    11 |     6 |     1 ||    18
         Potion            |       |       |     1 |     5 ||     6
 Armour: Robe              |    10 |     5 |    15 |       ||    30
         Steam dragon scal |       |       |     1 |       ||     1
         Leather armour    |       |       |    20 |    25 ||    45
  Dodge: Dodged            |    13 |     4 |    36 |    10 ||    63
  Block: Other             |       |       |       |     5 ||     5
